 Dungeon Crawl Stone Soup version 0.28-a0-313-gbc0475efdd (webtiles) character file.

Game seed: 18154409042683447497

8656 frimble the Frost Mage (level 11, -13/81 HPs)
             Began as a Gnoll Ice Elementalist on Sept 1, 2021.
             Was an Elder of Cheibriados.
             Mangled by an anaconda simulacrum (31 damage)
             ... in an ice cave.
             The game lasted 00:14:07 (11611 turns).

frimble the Frost Mage (Gnoll Ice Elementalist)    Turns: 11611, Time: 00:14:08

Health: -13/81     AC: 20    Str: 18    XL:     11   Next: 34%
Magic:  18/23      EV: 20    Int: 27    God:    Cheibriados [****..]
Gold:   361        SH:  0    Dex: 29    Spells: 16/26 levels left

rFire   . . .      SeeInvis .   q - +6 mace "Ibrac" {elec, rN+ Stlth+}
rCold   . . .      Faith    .   (no shield)
rNeg    + . .      Spirit   .   m - +2 animal skin
rPois   .          Reflect  .   h - +2 helmet
rElec   .          Harm     .   (no cloak)
rCorr   .          Rampage  .   (no gloves)
Will    +....                   l - +2 pair of boots
Stlth   +++++.....              (no amulet)
HPRegen 0.23/turn               g - ring of willpower
MPRegen 0.18/turn               x - +6 ring of dexterity

@: ice-armoured, freezing walls, very slow
A: fangs 1, strong nose, distributed training
a: Renounce Religion, Bend Time, Temporal Distortion, Slouch


You were in an ice cave.
You worshipped Cheibriados.
Cheibriados was greatly pleased with you.
You visited 2 branches of the dungeon, and saw 12 of its levels.
You also visited: Ice Cave.

You collected 441 gold pieces.
You spent 80 gold pieces at shops.

Inventory:

Hand Weapons
 a - a +4 falchion
 q - the +6 mace "Ibrac" (weapon) {elec, rN+ Stlth+}
   (You found it on level 4 of the Dungeon)

   It occasionally discharges a powerful burst of electricity upon striking a
   foe.
   rN:        It protects you from negative energy.
   Stlth:     It makes you more stealthy.
Armour
 h - a +2 helmet (worn)
 l - a +2 pair of boots (worn)
 m - a +2 animal skin (worn)
Jewellery
 g - a ring of willpower (left hand)
 x - a +6 ring of dexterity (right hand)
Wands
 b - a wand of polymorph (5)
 n - a wand of paralysis (7)
 s - a wand of charming (12)
 E - a wand of iceblast (39)
 G - a wand of digging (5)
 H - a wand of flame (13)
Scrolls
 i - 5 scrolls of teleportation
 t - 4 scrolls of enchant weapon
 w - 2 scrolls of amnesia
 B - 5 scrolls of magic mapping
 F - 2 scrolls of blinking
Potions
 c - 4 potions of curing
 d - a potion of might
 e - a potion of magic
 f - a potion of resistance {unknown}
 j - 4 potions of lignification
 k - 2 potions of invisibility {unknown}
 o - 2 potions of mutation
 p - 4 potions of brilliance {unknown}
 r - a potion of heal wounds
 u - 3 potions of cancellation {unknown}
 v - a potion of haste
 z - a potion of ambrosia
 A - a potion of flight {unknown}
 C - a potion of attraction


   Skills:
 + Level 6.2 Fighting
 + Level 6.2 Short Blades
 + Level 6.2 Long Blades
 + Level 6.2 Axes
 + Level 6.2 Maces & Flails
 + Level 6.2 Polearms
 + Level 6.2 Staves
 + Level 6.2 Slings
 + Level 6.2 Bows
 + Level 6.2 Crossbows
 + Level 6.2 Throwing
 + Level 6.2 Armour
 + Level 7.8 Dodging
 + Level 7.5 Stealth
 + Level 6.2 Shields
 + Level 6.2 Unarmed Combat
 + Level 8.0 Spellcasting
 + Level 5.1 Conjurations
 + Level 5.1 Hexes
 + Level 5.1 Summonings
 + Level 5.1 Necromancy
 + Level 5.1 Translocations
 + Level 5.1 Transmutations
 + Level 5.1 Fire Magic
 + Level 8.9 Ice Magic
 + Level 5.1 Air Magic
 + Level 5.1 Earth Magic
 + Level 5.1 Poison Magic
 + Level 6.8 Invocations
 + Level 6.2 Evocations


You had 16 spell levels left.
You knew the following spells:

 Your Spells              Type           Power      Damage    Failure   Level
a - Sticky Flame          Conj/Fire      38%        2d6       6%          4
b - Frozen Ramparts       Ice            100%       1d12      1%          3
c - Ozocubu's Armour      Ice            56%        N/A       1%          3

Your spell library contained the following spells:

 Spells                   Type           Power      Damage    Failure   Level
 Corona                   Hex            42%        N/A       1%          1
 Freeze                   Ice            100%       1d11      1%          1
 Magic Dart               Conj           100%       1d8       1%          1
 Shock                    Conj/Air       100%       1d9       1%          1
 Ensorcelled Hibernation  Hex/Ice        96%        N/A       1%          2
 Searing Ray              Conj           76%        3d6       1%          2
 Static Discharge         Conj/Air       38%        N/A       1%          2
 Swiftness                Air            38%        N/A       1%          3
 Tukima's Dance           Hex            38%        N/A       1%          3
 Hailstorm                Conj/Ice       48%        3d11      3%          4
 Airstrike                Air            19%        N/A       6%          4
 Dispel Undead            Necr           38%        3d16      6%          4
 Fulminant Prism          Conj/Hex       19%        3d11      6%          4
 Metabolic Englaciation   Hex/Ice        24%        N/A       9%          5
 Simulacrum               Ice/Necr       24%        N/A       41%         6


Dungeon Overview and Level Annotations

Branches:
Dungeon (12/15)            Temple (1/1) D:5            Lair (0/6) D:9
  IceCv (1/1)
    Orc: D:9-12

Altars:
Ashenzari
Cheibriados
Dithmenos
Elyvilon
Fedhas
Gozag
Hepliaklqana
Kikubaaqudgha
Makhleb
Okawaru
Qazlal
Ru
Sif Muna
Trog
Uskayaw
Vehumet
Wu Jian
Xom
Yredelemnul
Zin
The Shining One
Lugonu

Shops:
D:3 *   D:5 :

Annotations:
D:4 3 runed translucent doors, Atlas's ghost, amateur DgIE
D:12 2 transporters, robertstho's ghost, journeyman DjFE


Innate Abilities, Weirdness & Mutations

You have very sharp teeth.
Your uncanny sense of smell can sniff out nearby items.
Your experience applies equally to all skills.


Message History

The puff of flame hits the two-headed ogre simulacrum.
The two-headed ogre simulacrum melts!
The two-headed ogre simulacrum vaporises!
Cheibriados appreciates the change of pace.
You hear a sizzling sound!
The anaconda simulacrum completely resists.
The wall freezes the anaconda simulacrum but does no damage.
Aiming: Throw Flame
Press: ? - help, Shift-Dir - straight line, f - anaconda simulacrum
Aim: an anaconda simulacrum (71% to hit)
The puff of flame misses the anaconda simulacrum.
The anaconda simulacrum completely resists.
The wall freezes the anaconda simulacrum but does no damage.
The anaconda simulacrum completely resists.
The wall freezes the anaconda simulacrum but does no damage.
The anaconda simulacrum constricts you. The anaconda simulacrum freezes you!!
The anaconda simulacrum bites you but does no damage.
Aiming: Throw Flame
Press: ? - help, Shift-Dir - straight line, f/p - anaconda simulacrum
Aim: an anaconda simulacrum (71% to hit)
The puff of flame hits the anaconda simulacrum!
The anaconda simulacrum melts!
The anaconda simulacrum is heavily damaged.
The anaconda simulacrum completely resists.
The wall freezes the anaconda simulacrum but does no damage.
The anaconda simulacrum constricts you but does no damage.
The anaconda simulacrum misses you.
Aiming: Throw Flame
Press: ? - help, Shift-Dir - straight line, f/p - anaconda simulacrum
Aim: an anaconda simulacrum (heavily damaged, 71% to hit)
The puff of flame hits the anaconda simulacrum!
The anaconda simulacrum melts!
The anaconda simulacrum is almost destroyed.
The anaconda simulacrum completely resists.
The wall freezes the anaconda simulacrum but does no damage.
The anaconda simulacrum closely misses you.
The anaconda simulacrum bites you!
* * * LOW HITPOINT WARNING * * *
The anaconda simulacrum freezes you!!
You die...

##...###
#......##
#..##...## ∆
#...##...###
∆
##..####...##
#...####...#
#....# #..##
#"..####..#
##..∩##@Z##
####.....#
##.#....#
########


You could see an anaconda simulacrum.

Vanquished Creatures
  An elephant (D:9)
  2 gargoyles (D:12)
  2 komodo dragons
  A kobold demonologist (D:11)
  A troll (D:7)
  A hornet (D:9)
  Sigmund (D:6)
  A wyvern (D:9)
  10 yaks
  2 basilisks (D:9)
  A steam dragon (D:8)
  Edmund (D:5)
  4 water moccasins
  4 orc warriors
  A centaur (D:11)
  A phantom (D:5)
  2 kobold brigands (D:7)
  3 gnoll sergeants
  8 scorpions
  2 two-headed ogre simulacra (IceCv)
  A cane toad simulacrum (IceCv)
  3 water moccasin skeletons
  5 killer bees (D:11)
  An elephant simulacrum (IceCv)
  5 wights (D:8)
  4 howler monkeys
  2 hounds
  3 jellies
  2 centaur zombies
  A gnoll shaman (D:5)
  3 orc priests
  Terence (D:3)
  2 iguanas (D:6)
  4 orc wizards
  A troll simulacrum (IceCv)
  2 killer bee zombies
  A howler monkey zombie (D:8)
  Robin (D:3)
  A howler monkey skeleton (D:4)
  12 adders
  26 gnolls
  2 shadow imps
  16 white imps
  An ufetubus (IceCv)
  2 worms (D:2)
  2 dart slugs
  36 orcs
  6 ball pythons
  13 endoplasms
  12 hobgoblins
  4 jackals (D:5)
  19 kobolds
  9 quokkas
  6 bats
  5 frilled lizards
  12 goblins
  13 rats
288 creatures vanquished.

Vanquished Creatures (others)
  24 plants
24 creatures vanquished.

Grand Total: 312 creatures vanquished

Notes
Turn   | Place    | Note
-------+----------+-------------------------------------------
     0 | D:1      | frimble the Gnoll Ice Elementalist began the quest for the
                  | Orb.
     0 | D:1      | Reached XP level 1. HP: 13/13 MP: 6/6
   467 | D:1      | Found a faded altar of an unknown god.
   600 | D:1      | Reached XP level 2. HP: 19/19 MP: 4/7
  1707 | D:1      | Reached XP level 3. HP: 25/25 MP: 9/9
  1844 | D:2      | Reached skill level 5 in Spellcasting
  2197 | D:2      | Learned a level 3 spell: Frozen Ramparts
  2201 | D:2      | Learned a level 3 spell: Ozocubu's Armour
  2304 | D:2      | Reached skill level 1 in Invocations
  2354 | D:2      | Reached skill level 1 in Fighting
  2354 | D:2      | Reached skill level 1 in Short Blades
  2354 | D:2      | Reached skill level 1 in Long Blades
  2354 | D:2      | Reached skill level 1 in Axes
  2354 | D:2      | Reached skill level 1 in Maces & Flails
  2354 | D:2      | Reached skill level 1 in Polearms
  2354 | D:2      | Reached skill level 1 in Staves
  2354 | D:2      | Reached skill level 1 in Slings
  2354 | D:2      | Reached skill level 1 in Bows
  2354 | D:2      | Reached skill level 1 in Crossbows
  2354 | D:2      | Reached skill level 1 in Throwing
  2354 | D:2      | Reached skill level 1 in Armour
  2354 | D:2      | Reached skill level 1 in Shields
  2354 | D:2      | Reached skill level 1 in Unarmed Combat
  2354 | D:2      | Reached skill level 1 in Evocations
  2354 | D:2      | Reached XP level 4. HP: 25/32 MP: 1/11
  2555 | D:2      | Found a glowing silver altar of Zin.
  3154 | D:3      | Noticed a scorpion
  3156 | D:3      | Reached skill level 1 in Conjurations
  3156 | D:3      | Reached skill level 1 in Hexes
  3156 | D:3      | Reached skill level 1 in Summonings
  3156 | D:3      | Reached skill level 1 in Necromancy
  3156 | D:3      | Reached skill level 1 in Translocations
  3156 | D:3      | Reached skill level 1 in Transmutations
  3156 | D:3      | Reached skill level 1 in Fire Magic
  3156 | D:3      | Reached skill level 1 in Air Magic
  3156 | D:3      | Reached skill level 1 in Earth Magic
  3156 | D:3      | Reached skill level 1 in Poison Magic
  3164 | D:3      | Killed a scorpion
  3165 | D:3      | Reached XP level 5. HP: 18/37 MP: 9/12
  3410 | D:3      | Noticed Terence
  3420 | D:3      | Killed Terence
  3804 | D:3      | Noticed Robin
  3834 | D:3      | Killed Robin
  3845 | D:3      | Reached XP level 6. HP: 28/44 MP: 3/13
  3975 | D:3      | Found a radiant altar of Vehumet.
  3978 | D:3      | Noticed Ijyb
  3981 | D:3      | Paralysed by Ijyb for 3 turns
  3985 | D:3      | Noticed Ijyb
  3985 | D:3      | Ijyb changed into Ijyb the endoplasm
  3988 | D:3      | Killed Ijyb the endoplasm
  4317 | D:3      | Found Sewk's Assorted Antiques.
  4324 | D:3      | Bought a pink potion for 20 gold pieces
  4324 | D:3      | Bought a sedimented inky potion for 20 gold pieces
  4324 | D:3      | Bought a fizzy amethyst potion for 20 gold pieces
  4324 | D:3      | Bought a bubbling yellow potion for 20 gold pieces
  4341 | D:3      | Found a shimmering blue altar of Sif Muna.
  4494 | D:4      | Identified the +6 mace "Ibrac" {elec, rN+ Stlth+}
  4542 | D:4      | Reached skill level 5 in Dodging
  4995 | D:4      | Reached XP level 7. HP: 46/50 MP: 15/15
  5056 | D:4      | Found a runed translucent gate.
  5064 | D:4      | Found a runed translucent gate.
  5069 | D:4      | Found a runed translucent gate.
  5070 | D:4      | Noticed Atlas's ghost (amateur DgIE)
  5175 | D:4      | Found an iron altar of Okawaru.
  5550 | D:5      | Entered Level 5 of the Dungeon
  6024 | D:5      | Reached skill level 5 in Stealth
  6183 | D:5      | Found a staircase to the Ecumenical Temple.
  6202 | D:5      | Found Qiczos's Book Boutique.
  6254 | D:5      | Reached XP level 8. HP: 57/57 MP: 12/16
  6923 | D:6      | Noticed Edmund
  6946 | D:5      | Killed Edmund
  7114 | Temple   | Entered the Ecumenical Temple
  7155 | Temple   | Became a worshipper of Cheibriados the Contemplative
  7269 | D:6      | Noticed Sigmund
  7290 | D:6      | Killed Sigmund
  7563 | D:6      | Reached XP level 9. HP: 37/65 MP: 11/18
  7861 | D:6      | Found a white marble altar of Elyvilon.
  7915 | D:6      | Found a radiant altar of Vehumet.
  8133 | D:6      | Found a basalt altar of Yredelemnul.
  8258 | D:7      | Reached * piety under Cheibriados
  8542 | D:7      | Noticed a troll
  8553 | D:7      | Killed a troll
  8897 | D:7      | Reached ** piety under Cheibriados
  9308 | D:8      | Learned a level 4 spell: Sticky Flame
  9315 | D:8      | Reached skill level 5 in Invocations
  9366 | D:8      | Found a broken altar of Ashenzari.
  9480 | D:8      | Reached XP level 10. HP: 54/73 MP: 14/20
  9680 | D:8      | Found a hide-covered altar of Uskayaw.
  9695 | D:8      | Reached skill level 5 in Fighting
  9695 | D:8      | Reached skill level 5 in Short Blades
  9695 | D:8      | Reached skill level 5 in Long Blades
  9695 | D:8      | Reached skill level 5 in Axes
  9695 | D:8      | Reached skill level 5 in Maces & Flails
  9695 | D:8      | Reached skill level 5 in Polearms
  9695 | D:8      | Reached skill level 5 in Staves
  9695 | D:8      | Reached skill level 5 in Slings
  9695 | D:8      | Reached skill level 5 in Bows
  9695 | D:8      | Reached skill level 5 in Crossbows
  9695 | D:8      | Reached skill level 5 in Throwing
  9695 | D:8      | Reached skill level 5 in Armour
  9695 | D:8      | Reached skill level 5 in Shields
  9695 | D:8      | Reached skill level 5 in Unarmed Combat
  9695 | D:8      | Reached skill level 5 in Evocations
  9947 | D:8      | Found an opulent altar of Gozag.
 10397 | D:9      | Found a shadowy altar of Dithmenos.
 10400 | D:9      | Found a bloodstained altar of Trog.
 10405 | D:9      | Found a glowing golden altar of the Shining One.
 10721 | D:9      | Found a blossoming altar of Fedhas.
 10769 | D:9      | Noticed an elephant
 10776 | D:9      | Found a staircase to the Lair.
 10785 | D:9      | Killed an elephant
 10802 | D:9      | Reached *** piety under Cheibriados
 11065 | D:9      | You fall into a shaft and drop 3 floors!
 11069 | D:12     | Found a transporter.
 11084 | D:12     | Noticed robertstho's ghost (journeyman DjFE)
 11084 | D:12     | Noticed a four-headed hydra
 11112 | D:12     | Noticed a gargoyle
 11117 | D:12     | Noticed a gargoyle
 11121 | D:12     | Killed a gargoyle
 11125 | D:12     | Killed a gargoyle
 11131 | D:12     | Reached XP level 11. HP: 70/81 MP: 9/22
 11227 | D:12     | Noticed a boulder beetle
 11229 | D:12     | Found a transporter.
 11230 | D:12     | Noticed a deep elf knight
 11233 | D:12     | Noticed a skeletal warrior
 11233 | D:12     | Noticed a great orb of eyes
 11240 | D:12     | Noticed a storm dragon
 11435 | D:11     | Reached **** piety under Cheibriados
 11436 | D:11     | Reached skill level 5 in Conjurations
 11436 | D:11     | Reached skill level 5 in Hexes
 11436 | D:11     | Reached skill level 5 in Summonings
 11436 | D:11     | Reached skill level 5 in Necromancy
 11436 | D:11     | Reached skill level 5 in Translocations
 11436 | D:11     | Reached skill level 5 in Transmutations
 11436 | D:11     | Reached skill level 5 in Fire Magic
 11436 | D:11     | Reached skill level 5 in Air Magic
 11436 | D:11     | Reached skill level 5 in Earth Magic
 11436 | D:11     | Reached skill level 5 in Poison Magic
 11507 | D:11     | Found a frozen archway.
 11542 | IceCv    | Entered an ice cave
 11611 | IceCv    | Mangled by an anaconda simulacrum

Illustrated notes

Levels and vault maps discovered:
D:1:      lordsloth_arrival_two_stooges, layout_basic, basic_ecumenical_altar,
          serial_bayou_lagoon_a, minmay_rat_gold_closets
D:2:      layout_loops_cross, serial_forest, infiniplex_forest_clump_diagonal,
          infiniplex_forest_straight_3, infiniplex_forest_lined_room_2,
          infiniplex_forest_lined_3_way, infiniplex_forest_clump_small,
          infiniplex_forest_clump_double, basic_altar
D:3:      wad_woods_stonehenge, layout_rooms, lemuel_blue_sif_altar,
          serial_glass, glass_columns_b, glass_columns_a, serial_shops,
          shop_fountains, uniq_ijyb, uniq_terence, uniq_robin
D:4:      layout_loops_ring, okawaru_ov_weapons_minmay,
          gammafunk_ghost_necromancy
D:5:      layout_cave_pods, minmay_temple_entry_water_ring, serial_shops, shop
D:6:      layout_rooms, kennysheep_ying_yang, lemuel_doored_altar, uniq_edmund,
          uniq_sigmund
D:7:      layout_rooms
D:8:      layout_loops_ring, mainiacjoe_overflow_alcove_1,
          eat_drink_and_be_merry_uskayaw, nicolae_ashenzari_skybound
D:9:      layout_roguey, grunt_temple_overflow_open, overflow_temple_1_default,
          david_lair_generic, minivault_11
D:11:     minmay_chambers_of_sixes, layout_loops_ring,
          portal_ice_cave_entry_imps, vehumet_statue, uniq_snorg
D:12:     layout_loops_ring, erik_orc_1, special_room [special_room_bee],
          gammafunk_ghost_arena
Temple:   corrupted_temple
IceCv:    ice_cave_caverns_03

Skill      XL: |  1  2  3  4  5  6  7  8  9 10 11 |
---------------+----------------------------------+-----
Spellcasting   | 5 6 7 8 |  8.0
Invocations    | 1 2 3 4 5 6 |  6.8
Fighting       | 1 2 3 4 5 6 |  6.2
Short Blades   | 1 2 3 4 5 6 |  6.2
Long Blades    | 1 2 3 4 5 6 |  6.2
Axes           | 1 2 3 4 5 6 |  6.2
Maces & Flails | 1 2 3 4 5 6 |  6.2
Polearms       | 1 2 3 4 5 6 |  6.2
Staves         | 1 2 3 4 5 6 |  6.2
Slings         | 1 2 3 4 5 6 |  6.2
Bows           | 1 2 3 4 5 6 |  6.2
Crossbows      | 1 2 3 4 5 6 |  6.2
Throwing       | 1 2 3 4 5 6 |  6.2
Armour         | 1 2 3 4 5 6 |  6.2
Shields        | 1 2 3 4 5 6 |  6.2
Unarmed Combat | 1 2 3 4 5 6 |  6.2
Evocations     | 1 2 3 4 5 6 |  6.2
Conjurations   | 1 2 3 4 5 |  5.1
Hexes          | 1 2 3 4 5 |  5.1
Summonings     | 1 2 3 4 5 |  5.1
Necromancy     | 1 2 3 4 5 |  5.1
Translocations | 1 2 3 4 5 |  5.1
Transmutations | 1 2 3 4 5 |  5.1
Fire Magic     | 1 2 3 4 5 |  5.1
Air Magic      | 1 2 3 4 5 |  5.1
Earth Magic    | 1 2 3 4 5 |  5.1
Poison Magic   | 1 2 3 4 5 |  5.1
Dodging        | 5 6 7 |  7.8
Stealth        | 5 6 7 |  7.5
Ice Magic      | 8 |  8.9

Action                   |  1- 3 |  4- 6 |  7- 9 | 10-12 || total
-------------------------+-------+-------+-------+-------++-------
Melee: Unarmed           |    86 |       |       |       ||    86
       Bite              |    12 |     7 |    20 |    19 ||    58
       Trident           |    23 |    40 |       |       ||    63
       Falchion          |       |    69 |       |       ||    69
       Mace              |       |    25 |   206 |   140 ||   371
       Punch             |       |     1 |     2 |     6 ||     9
 Cast: Freeze            |    38 |    12 |       |       ||    50
       Ozocubu's Armour  |     1 |     5 |    11 |    11 ||    28
       Frozen Ramparts   |       |     5 |    17 |    14 ||    36
Evoke: Wand              |       |     1 |       |    16 ||    17
  Use: Scroll            |     2 |     6 |     5 |     6 ||    19
       Potion            |     2 |       |       |       ||     2
 Stab: Sleeping          |    10 |     8 |    17 |     2 ||    37
       Distracted        |       |     2 |       |       ||     2
Armor: Robe              |    24 |    19 |       |       ||    43
       Animal skin       |       |    25 |    75 |    51 ||   151
Dodge: Dodged            |    98 |   120 |   241 |   150 ||   609

Table legend: (Time is in decaauts)
 A = Elapsed time spent in this place.
 B = Non-inter-level travel time spent in this place.
 C = Inter-level travel time spent in this place.
 D = Time resting spent in this place.
 E = Time spent auto-exploring this place.
 F = Levels seen in this place.
 G = Mean time per level.
                   A        B        C        D        E       F      G
               +--------+--------+--------+--------+--------+-----+--------+
         Total |  12713 |  12215 |    498 |    234 |   9865 |  13 |  977.9 |
       Dungeon |  12565 |  12097 |    468 |    234 |   9803 |  11 | 1142.3 |
        Temple |     62 |     32 |     30 |      0 |     26 |   1 |   62.0 |
      Ice Cave |     86 |     86 |      0 |      0 |     35 |   1 |   86.0 |
               +--------+--------+--------+--------+--------+-----+--------+

Top non-repeatable levels by time:
     D:1: 1831 daAuts
     D:8: 1525 daAuts
     D:5: 1461 daAuts
     D:3: 1435 daAuts
     D:2: 1335 daAuts
     D:7: 1192 daAuts
     D:6: 1168 daAuts
     D:4: 1127 daAuts
     D:9: 882 daAuts
    D:12: 428 daAuts
    D:11: 176 daAuts
   IceCv: 86 daAuts
  Temple: 62 daAuts
